 Dungeon Crawl Stone Soup version 0.27-a0-1185-ga233589e6f (webtiles) character file.

Game seed: 11847048792186063437

1822 cdfgd the Geomancer (level 9, -3/45 HPs)
             Began as a Gargoyle Earth Elementalist on May 19, 2021.
             Was an Initiate of Vehumet.
             Slain by Duvessa
             ... wielding a +0 rapier
              (11 damage)
             ... on level 5 of the Dungeon.
             The game lasted 00:12:03 (6755 turns).

cdfgd the Geomancer (Gargoyle Earth Elementalist)   Turns: 6755, Time: 00:12:03

Health: -3/45      AC: 13    Str: 19    XL:     9   Next: 10%
Magic:  7/18       EV: 11    Int: 18    God:    Vehumet [......]
Gold:   164        SH:  0    Dex: 10    Spells: 11/20 levels left

rFire    . . .     SeeInvis .   k - +0 flail (venom)
rCold    . . .     Faith    .   (no shield)
rNeg     + . .     Spirit   .   c - +1 robe
rPois    ∞         Reflect  .   m - +1 helmet
rElec    +         Harm     .   (no cloak)
rCorr    .         Rampage  .   (no gloves)
Will     .....                  f - +1 pair of boots
Stlth    +.........             (no amulet)
HPRegen  0.15/turn              d - +6 ring of strength
MPRegen  0.16/turn              (no ring)

@: lit by a corona, about to teleport, glowing
A: sickness immunity, AC +6, negative energy resistance 1, electricity
resistance, torment resistance 1, petrification resistance
a: Renounce Religion


You were on level 5 of the Dungeon.
You worshipped Vehumet.
Vehumet was noncommittal.
You visited 2 branches of the dungeon, and saw 6 of its levels.

You collected 200 gold pieces.
You spent 36 gold pieces at shops.

Inventory:

Hand Weapons
 a - a +0 club
 k - a +0 flail of venom (weapon)
 n - a +2 dagger of flaming
Missiles
 b - 32 stones
Armour
 c - a +1 robe (worn)
 f - a +1 pair of boots (worn)
 m - a +1 helmet (worn)
Jewellery
 d - a +6 ring of strength (left hand)
Wands
 p - a wand of flame (10)
Scrolls
 e - a scroll of teleportation
Potions
 g - 2 potions of flight
 h - a potion of curing
 i - 2 potions of haste
 l - a potion of lignification
 o - a potion of magic


   Skills:
 - Level 1.5 Dodging
 - Level 2.1 Stealth
 + Level 6.4 Spellcasting
 + Level 6.9 Conjurations
 - Level 0.7 Transmutations
 + Level 8.9 Earth Magic


You had 11 spell levels left.
You knew the following spells:

 Your Spells              Type           Power      Damage    Failure   Level
a - Sandblast             Erth           74%        2d16      1%          1
b - Stone Arrow           Conj/Erth      68%        3d11      1%          3
c - Lee's Rapid Deconstr  Erth           18%        3d12*     9%          5

Your spell library contained the following spells:

 Spells                   Type           Power      Damage    Failure   Level
 Passwall                 Tmut/Erth      19%        N/A       2%          2
 Petrify                  Tmut/Erth      23%        N/A       16%         4


Dungeon Overview and Level Annotations

Branches:
Dungeon (5/15)             Temple (1/1) D:5

Altars:
Ashenzari
Dithmenos
Gozag
Hepliaklqana
Makhleb
Nemelex Xobeh
Sif Muna
Trog
Vehumet
Xom
The Shining One

Shops:
D:1 ?

Annotations:
D:5 Duvessa


Innate Abilities, Weirdness & Mutations

You are immune to sickness and miasma.
Your stone body is resilient. (AC +6)
You are immune to poison.
You resist negative energy. (rN+)
You are resistant to electric shocks. (rElec)
You are resistant to unholy torment.
You are immune to petrification.


Message History

Unknown command.
Casting: Stone Arrow (safe; 1% risk of failure)
Confirm with . or Enter, or press ? or * to list all spells.
Aiming: Stone Arrow (safe; 1% risk of failure)
Press: ? - help, Shift-Dir - straight line, f/p - Dowan
Aim: Dowan, wielding a +0 dagger and wearing a +0 robe (64% to hit)
The stone arrow misses Dowan.
The stone arrow hits something!!
Dowan hits you but does no damage.
Unknown command.
Casting: Stone Arrow (safe; 1% risk of failure)
Confirm with . or Enter, or press ? or * to list all spells.
Aiming: Stone Arrow (safe; 1% risk of failure)
Press: ? - help, Shift-Dir - straight line, f/p - Dowan
Aim: Dowan, wielding a +0 dagger and wearing a +0 robe (64% to hit)
The stone arrow hits Dowan!
Dowan is heavily wounded.
Dowan gestures at you while chanting.
You are outlined in light.
Casting: Stone Arrow (safe; 1% risk of failure)
Confirm with . or Enter, or press ? or * to list all spells.
Aiming: Stone Arrow (safe; 1% risk of failure)
Press: ? - help, Shift-Dir - straight line, f/p - Dowan
Aim: Dowan, wielding a +0 dagger and wearing a +0 robe (heavily wounded, 64% to hit)
The stone arrow hits Dowan!!
You kill Dowan!
Vehumet accepts your kill.
Something shouts wrathfully, "No!"
Okay, then.
You hit something but do no damage. Something hits you. x2
You closely miss something. Something hits you but does no damage.
Something hits you.
You completely miss something. Something hits you. Something hits you!
* * * LOW HITPOINT WARNING * * *
Something hits you.
* * * LOW HITPOINT WARNING * * *
Unknown command.
As you read the scroll of teleportation, it crumbles to dust.
You feel strangely unstable. Something hits you but does no damage.
Something hits you!
You die...

#...........#
###.###.####### ######
#####...##..#
.....###..........##
####..##.......####
.####....>.....#
..##...........#
..##...........####
..........##.#..@.#
.....#...###.###.##
.......#.# #.# #>#
.........# #.# #)#
.........# #.#*#.#****
.........###.......{.#
.....................#
........#............#
...........##........#


There were no monsters in sight!

Vanquished Creatures
  Prince Ribbit (D:5)
  Sigmund (D:5)
  An orc warrior (D:4)
  A black bear (D:5)
  A necrophage (D:4)
  3 ogres
  A centaur (D:5)
  Blork the orc (D:5)
  A scorpion (D:5)
  Dowan (D:5)
  A water moccasin skeleton (D:4)
  A bullfrog zombie (D:5)
  A jelly (D:5)
  An orc priest (D:5)
  A centaur skeleton (D:5)
  2 hounds (D:5)
  Terence (D:2)
  An iguana (D:5)
  3 orc wizards
  A hound skeleton (D:4)
  7 adders
  A gnoll (D:1)
  An ufetubus (D:5)
  3 worms
  2 dart slugs
  16 orcs
  4 ball pythons
  3 bats
  7 endoplasms
  2 giant cockroaches
  7 goblins
  A hobgoblin (D:2)
  19 jackals
  2 kobolds
  2 quokkas
  6 rats
108 creatures vanquished.

Vanquished Creatures (others)
  Eustachio (D:5)
1 creature vanquished.

Grand Total: 109 creatures vanquished

Notes
Turn   | Place    | Note
-------+----------+-------------------------------------------
     0 | D:1      | cdfgd the Gargoyle Earth Elementalist began the quest for
                  | the Orb.
     0 | D:1      | Reached XP level 1. HP: 10/10 MP: 3/3
   317 | D:1      | Found Keoxum's Magic Scroll Boutique.
   320 | D:1      | Bought a scroll of identify for 24 gold pieces
   320 | D:1      | Bought a scroll of noise for 12 gold pieces
   480 | D:1      | Reached skill level 4 in Earth Magic
   480 | D:1      | Reached XP level 2. HP: 5/15 MP: 3/5
  1364 | D:2      | Reached XP level 3. HP: 11/19 MP: 6/6
  1368 | D:2      | Learned a level 3 spell: Stone Arrow
  1534 | D:2      | Noticed Terence
  1882 | D:2      | Found a broken altar of Ashenzari.
  2227 | D:2      | Reached skill level 1 in Conjurations
  2227 | D:2      | Reached XP level 4. HP: 23/24 MP: 0/8
  2716 | D:2      | Killed Terence
  3073 | D:2      | Reached skill level 5 in Earth Magic
  3119 | D:2      | Found a faded altar of an unknown god.
  3578 | D:3      | Reached XP level 5. HP: 28/28 MP: 7/9
  3584 | D:3      | Learned a level 5 spell: Lee's Rapid Deconstruction
  3842 | D:4      | Noticed a necrophage
  3855 | D:4      | Killed a necrophage
  4159 | D:4      | Reached XP level 6. HP: 26/32 MP: 11/11
  4458 | D:4      | Reached skill level 6 in Earth Magic
  4589 | D:4      | Noticed an orc warrior
  4602 | D:4      | Killed an orc warrior
  4603 | D:4      | Reached XP level 7. HP: 36/36 MP: 2/13
  4807 | D:4      | Found a shimmering altar of Xom.
  4835 | D:4      | Found a hazy altar of Hepliaklqana.
  4836 | D:4      | Noticed a spectral ugly thing
  4956 | D:5      | Entered Level 5 of the Dungeon
  5442 | D:5      | Reached skill level 7 in Earth Magic
  5445 | D:5      | Noticed Sigmund
  5448 | D:5      | Killed Sigmund
  5449 | D:5      | Reached skill level 5 in Spellcasting
  5449 | D:5      | Reached skill level 5 in Conjurations
  5449 | D:5      | Reached XP level 8. HP: 38/41 MP: 8/15
  5462 | D:5      | Found a staircase to the Ecumenical Temple.
  5468 | Temple   | Entered the Ecumenical Temple
  5514 | Temple   | Became a worshipper of Vehumet
  5560 | D:5      | Noticed Blork the orc
  5846 | D:5      | Killed Blork the orc
  5887 | D:5      | Noticed Eustachio
  6017 | D:5      | HP: 1/41 [Eustachio/+0 rapier (2)]
  6021 | D:5      | Killed Eustachio
  6022 | D:5      | Reached skill level 8 in Earth Magic
  6499 | D:5      | Noticed Prince Ribbit
  6511 | D:5      | Killed Prince Ribbit
  6512 | D:5      | Reached XP level 9. HP: 30/45 MP: 2/18
  6625 | D:5      | Found a shimmering blue altar of Sif Muna.
  6738 | D:5      | Noticed Dowan
  6739 | D:5      | Noticed Duvessa
  6749 | D:5      | Killed Dowan
  6755 | D:5      | Slain by Duvessa

Illustrated notes

Levels and vault maps discovered:
D:1:      amcnicky_arrival_choice, layout_basic, serial_shops, shop
D:2:      layout_basic, hellmonk_ecumenical_altar_leap_of_faith, basic_altar,
          corexii_item_surrounded_by_moat, uniq_terence
D:3:      layout_basic
D:4:      layout_loops_ring, regret_index_temple_of_mockery,
          minmay_misc_feat_columns, minivault_14, kennysheep_generic_room_13
D:5:      layout_rooms, kennysheep_mini_moat, minmay_temple_entry_wispy,
          uniq_prince_ribbit1, uniq_sigmund, uniq_duvessa, uniq_blork_the_orc,
          uniq_eustachio
Temple:   dshaligram_water_room_temple

Skill      XL: |  1  2  3  4  5  6  7  8 |
---------------+-------------------------+-----
Earth Magic    | 4 5 6 7 8 |  8.9
Conjurations   | 1 2 3 5 6 |  6.9
Spellcasting   | 3 4 5 6 |  6.4
Dodging        | |  1.5
Stealth        | |  2.1
Transmutations | |  0.7

Action                   |  1- 3 |  4- 6 |  7- 9 || total
-------------------------+-------+-------+-------++-------
Melee: Club              |    60 |   104 |       ||   164
       Flail             |       |    45 |   141 ||   186
 Cast: Sandblast         |    37 |    22 |    21 ||    80
       Stone Arrow       |     1 |     5 |    32 ||    38
  Use: Scroll            |     3 |     4 |     4 ||    11
       Potion            |       |     4 |     3 ||     7
 Stab: Sleeping          |     1 |     2 |       ||     3
       Distracted        |     1 |       |       ||     1
Armor: Robe              |    40 |    62 |   117 ||   219
       Skin              |       |    24 |       ||    24
Dodge: Dodged            |    61 |    80 |   140 ||   281

Table legend: (Time is in decaauts)
 A = Elapsed time spent in this place.
 B = Non-inter-level travel time spent in this place.
 C = Inter-level travel time spent in this place.
 D = Time resting spent in this place.
 E = Time spent auto-exploring this place.
 F = Levels seen in this place.
 G = Mean time per level.
                   A        B        C        D        E       F      G
               +--------+--------+--------+--------+--------+-----+--------+
         Total |   6869 |   6743 |    126 |   1340 |   4259 |   6 | 1144.8 |
       Dungeon |   6813 |   6696 |    117 |   1340 |   4219 |   5 | 1362.6 |
        Temple |     55 |     46 |      9 |      0 |     40 |   1 |   55.0 |
               +--------+--------+--------+--------+--------+-----+--------+

Top non-repeatable levels by time:
     D:2: 1865 daAuts
     D:4: 1771 daAuts
     D:1: 1434 daAuts
     D:5: 1225 daAuts
     D:3: 516 daAuts
  Temple: 55 daAuts
